 Dungeon Crawl Stone Soup version 0.30.0-29-ga12c61a403 (webtiles) character file.

Game seed: 700601725470831921

87 Fodor the Covered (level 4, -1/40 HPs)
             Began as a Minotaur Fighter on June 8, 2023.
             Frozen to death by an endoplasm (2 damage)
             ... on level 4 of the Dungeon.
             The game lasted 00:11:25 (2356 turns).

Fodor the Covered (Minotaur Fighter)                Turns: 2356, Time: 00:11:26

Health: -1/40      AC:  8    Str: 27    XL:     4   Next: 28%
Magic:  3/3        EV: 15    Int:  5    God:
Gold:   114        SH:  4    Dex: 11    Spells: 3/3 levels left

rFire   . . .        q - +0 falchion (elec)
rCold   . . .        c - +0 buckler
rNeg    . . .        b - +0 scale mail
rPois   .            (helmet restricted)
rElec   .            (no cloak)
rCorr   .            f - +0 pair of gloves
SInv    .            (no boots)
Will    .....        (no amulet) Stlth
                     v - +5 ring of evasion
HPRegen 0.26/turn    y - +6 ring of strength
MPRegen 0.08/turn

%: no passive effects
@: no status effects
A: horns 2, retaliatory headbutt
a: no special abilities


You were on level 4 of the Dungeon.
You visited 1 branch of the dungeon, and saw 4 of its levels.

You collected 114 gold pieces.

Inventory:

Hand Weapons
 a - a +0 long sword
 q - a +0 falchion of electrocution (weapon)
 A - a +3 hand axe
Missiles
 h - 30 stones (quivered)
 B - 6 boomerangs
Armour
 b - a +0 scale mail (worn)
 c - a +0 buckler (worn)
 f - a +0 pair of gloves (worn)
Jewellery
 o - an amulet of magic regeneration
 r - a ring of magical power
 v - a +5 ring of evasion (left hand)
 y - a +6 ring of strength (right hand)
Scrolls
 e - a scroll of enchant armour {unknown}
 i - 7 scrolls of teleportation
 j - a scroll of noise {unknown}
 k - a scroll of brand weapon {unknown}
 m - a scroll of vulnerability {unknown}
 n - 2 scrolls of blinking
 p - a scroll of summoning {unknown}
 s - a scroll of silence {unknown}
 x - 2 scrolls of poison
 z - a scroll of amnesia {unknown}
Potions
 d - a potion of might
 g - a potion of heal wounds {unknown}
 l - 2 potions of magic {unknown}
 t - 4 potions of curing {unknown}
 u - 2 potions of berserk rage {unknown}
 w - a potion of haste {unknown}


   Skills:
 + Level 4.2 Fighting
 + Level 3.5 Long Blades
 + Level 4.4 Armour
 + Level 0.6 Dodging
 + Level 4.2 Shields


You had 3 spell levels left.
You didn't know any spells.
Your spell library contained the following spells:

 Spells                   Type           Power      Damage    Failure   Level
 Slow                     Hex            0%         N/A       80%         1
 Sublimation of Blood     Necr           0%         N/A       90%         2
 Confusing Touch          Hex            0%         N/A       99%         3
 Vampiric Draining        Necr           0%         2d6       99%         3
 Petrify                  Tmut/Erth      0%         N/A       100%        4
 Irradiate                Conj/Tmut      0%         3d11      100%        5


Dungeon Overview and Level Annotations

Branches:
Dungeon (4/15)
 Temple: D:4-7

Altars:
Ashenzari


Innate Abilities, Weirdness & Mutations

You have a pair of horns on your head.
You reflexively headbutt those who attack you in melee.


Message History

The endoplasm barely misses you.
The orc wizard gestures at you while chanting.
You resist with some effort. Something hits you but does no damage.
The gnoll hits you but does no damage. The gnoll closely misses you.
You miss the orc wizard. Your headbutt misses the orc wizard.
The orc wizard is severely wounded.
The orc wizard hits you but does no damage.
The endoplasm hits you but does no damage.
The gnoll closely misses you. x2; Something hits you but does no damage.
Unknown command.
You bump into the rock wall.
The orc wizard hits you but does no damage.
The gnoll barely misses you. The gnoll hits you but does no damage.
You hear some strange, mumbled words.
Something tries to affect you, but you resist.
The endoplasm freezes you.
You are frozen.
* * * LOW HITPOINT WARNING * * *
You closely miss the orc wizard. Your headbutt misses the orc wizard.
The orc wizard is severely wounded.
You feel less confused. The endoplasm freezes you.
You are frozen.
* * * LOW HITPOINT WARNING * * *
You block the gnoll's attack. The gnoll hits you but does no damage.
The orc wizard barely misses you. Something hits you but does no damage.
You closely miss the orc wizard.
You headbutt the orc wizard, but do no damage.
The orc wizard is severely wounded.
The endoplasm closely misses you.
A gnoll comes into view. It is wielding a +0 flail.
The gnoll hits you from afar with a +0 spear.
* * * LOW HITPOINT WARNING * * *
The gnoll hits you from afar with a +0 spear.
* * * LOW HITPOINT WARNING * * *
Something hits you but does no damage.
The orc wizard hits you but does no damage.
The endoplasm freezes you.
You are frozen.
You die...

........ .
.....?....
##g....#...
#######..........
.......).........
...##.$.........
#...ggg........
####{..........
#@o.........
##J.........
##..........
##..##$......
####))## ##..#..
#.$..## .###.
#.#### # #. .


You could see an orc wizard, 4 gnolls and an endoplasm.

Vanquished Creatures
  Natasha (D:3)
  2 dart slugs
  7 orcs
  3 bats
  9 endoplasms
  A giant cockroach (D:2)
  6 hobgoblins
  2 jackals (D:2)
  2 ball pythons
  3 frilled lizards
  4 goblins
  3 kobolds
  5 rats
48 creatures vanquished.

Notes
Turn   | Place    | Note
-------+----------+-------------------------------------------
     0 | D:1      | Fodor the Minotaur Fighter began the quest for the Orb.
     0 | D:1      | Reached XP level 1. HP: 19/19 MP: 0/0
   163 | D:1      | Reached XP level 2. HP: 16/27 MP: 1/1
   914 | D:2      | Found a broken altar of Ashenzari.
  1119 | D:2      | Reached XP level 3. HP: 33/33 MP: 2/2
  1809 | D:3      | Noticed Natasha
  1817 | D:3      | Killed Natasha
  1818 | D:3      | Reached XP level 4. HP: 18/40 MP: 3/3
  2356 | D:4      | HP: 1/40 [gnoll/+0 spear (4)]
  2356 | D:4      | Frozen to death by an endoplasm

Illustrated notes

Levels and vault maps discovered:
D:1:      beargit_arrival_greenhouse, layout_basic, minmay_tall_x
D:2:      layout_rooms, basic_altar, minmay_misc_feat_tower, due_unseen_surprise
D:3:      layout_basic, uniq_natasha
D:4:      minmay_polygon_palace, layout_rooms, zin_angel,
          lemuel_temple_firewalk_a

Skill      XL: |  1  2  3 |
---------------+----------+-----
Fighting       | 4 |  4.2
Shields        | 4 |  4.2
Armour         | 4 |  4.4
Long Blades    | 3 |  3.5
Dodging        | |  0.6

Action                     |  1- 3 |  4- 6 || total
---------------------------+-------+-------++-------
  Melee: Long sword        |    30 |       ||    30
         Headbutt          |    17 |     5 ||    22
         Falchion          |    52 |    29 ||    81
    Use: Scroll            |       |     3 ||     3
 Armour: Scale mail        |    35 |    41 ||    76
  Dodge: Dodged            |    38 |    43 ||    81
  Block: Buckler           |    24 |     6 ||    30
